Unix NetHack Version 5.0.0-0 post-release - last build May  4 2026 22:22:43 (774f63e81ad911689b3a0859ea89b322d5daca8d,branch:main).

Game began 2026-05-07 09:32:13, ended 2026-05-07 10:11:16.

01246791210, neutral male human Barbarian

                            #
                            #
                            )
                         # -.----------
                         ##|..........|
                          #|...<......|
                          #..@........|
                           |..........|
                           ------------

01246791210 the Pillager   St:18/08 Dx:18 Co:16 In:7 Wi:7 Ch:7  Neutral
Dlvl:8  $:184 HP:0(60) Pw:6(6) AC:7  Xp:5 T:4128  Blind

Latest messages:
 You are carrying too much to get through.
 The door opens.
 You see here 7 gold pieces.
 $ - 7 gold pieces (177 in total).
 Really step into that spiked pit? [yn] (n) n
 You hear the chime of a cash register.
 You hear the footsteps of a guard on patrol.
 You hear the chime of a cash register.
 You hear bubbling water.
 The fog cloud engulfs you!
 You are laden with moisture and can barely breathe!
 You smite the fog cloud.
 You are enveloped in a cloud of steam!
 You destroy the fog cloud!
 Step into that vapor cloud? [yn] (n) n
 Step into that vapor cloud? [yn] (n) y
 You hear the chime of a cash register.
 You descend the stairs.
 You see here 7 gold pieces.
 $ - 7 gold pieces (184 in total).
 It is missed.
 You are hit by an elven arrow!
 It is missed.
 You are hit by an elven arrow!
 You hear a chugging sound.
 You are beginning to feel hungry.
 What do you want to eat? [CE or ?*] C
 Blecch!  Rotten food!
 Everything suddenly goes dark.
 It is hit.
 It is missed.
 You are hit!
 You stop eating the food ration.
 It is hit!
 It is destroyed!
 It misses.
 You try to feel what is lying here on the ground.
 You feel here 2 elven arrows.
 You are hit.
 You are hit!
 You are hit.
 You are hit!
 It hits!
 It hits!
 You die...
 Do you want your possessions identified? [ynq] (y) n
 Do you want to see your attributes? [ynq] (y) n
 Do you want an account of creatures vanquished? [ynaq] (y) n
 Do you want to see your conduct and achievements? [ynq] (y) n
 Do you want to see the dungeon overview? [ynq] (y) n

Inventory:
 Coins    ('$')
  $ - 184 gold pieces
 Weapons  (')')
  s - 6 +0 arrows
  f - 10 +0 darts
  D - a poisoned +0 dart
  w - a +0 orcish dagger
  a - a +0 battle-axe (weapon in hands)
  n - a +0 flail
  b - a +0 short sword (alternate weapon; not wielded)
 Armor    ('[')
  c - an uncursed +0 ring mail (being worn)
  k - an uncursed +0 splint mail
 Comestibles  ('%')
  C - an uncursed partly eaten food ration
  E - an uncursed lizard corpse
 Scrolls  ('?')
  i - an uncursed scroll of create monster
  A - an uncursed scroll of destroy armor
  p - 2 uncursed scrolls of enchant weapon
 Potions  ('!')
  m - a blessed potion of blindness
 Rings    ('=')
  v - an uncursed ring of slow digestion
 Tools    ('(')
  r - an uncursed tin whistle
 Gems/Stones  ('*')
  t - a cursed chrysoberyl stone
  B - 2 uncursed worthless pieces of green glass
  u - an uncursed worthless piece of violet glass

01246791210 the Barbarian's attributes:

Background:
 You were a Pillager, a level 5 male human Barbarian.
 You were neutral, nominally on a mission for Crom
 who was opposed by Mitra (lawful) and Set (chaotic).
 You were right-handed.
 You were in the Dungeons of Doom, on level 8.
 You entered the dungeon 4128 turns ago.
 You had 250 experience points, 70 more were needed to attain level 6.

Basics:
 You had 0 out of 60 hit points.
 You had all 6 energy points (spell power).
 Your armor class was 7.
 Your wallet contained 184 zorkmids.
 Autopickup was off.

Final Characteristics:
 Your strength was 18/08 (limit:18/100).
 Your dexterity was 18 (limit:18).
 Your constitution was 16 (limit:18).
 Your intelligence was 7 (limit:18).
 Your wisdom was 7 (limit:18).
 Your charisma was 7 (limit:18).

Final Status:
 You were temporarily blind.
 You weren't hungry.
 You were unencumbered.
 You were wielding an axe.
 You had basic skill with axe.

Final Attributes:
 You were piously aligned.
 You were poison resistant.
 You were warded.
 You are dead.

Miscellaneous:
 You didn't encounter any bones levels.
 Total elapsed playing time was 39 minutes and 1 second.

Major events:
 Turn
    1: 01246791210 the neutral male human Barbarian entered the dungeon
 1473: attained the rank of Pillager (level 3)
 4128: killed by an invisible Woodland-elf

You didn't know any spells.

Skills:
 Fighting Skills
   bare handed combat [Basic]
   two weapon combat  [Unskilled]
   riding             [Unskilled]
 Weapon Skills
   dagger             [Unskilled]
   axe                [Basic]
   pick-axe           [Unskilled]
   short sword        [Basic]
   broadsword         [Unskilled]
   long sword         [Unskilled]
   two-handed sword   [Unskilled]
   saber              [Unskilled]
   club               [Unskilled]
   mace               [Unskilled]
   morning star       [Unskilled]
   flail              [Unskilled]
   hammer             [Unskilled]
   quarterstaff       [Unskilled]
   spear              [Unskilled]
   trident            [Unskilled]
   bow                [Unskilled]
 Spellcasting Skills
   attack spells      [Unskilled]
   escape spells      [Unskilled]

Voluntary challenges:
 Character rerolling was not enabled.
 You were vegetarian.
 You were an atheist.
 You were illiterate.
 You never genocided any monsters.
 You never polymorphed an object.
 You never changed form.
 You used no wishes.
Achievements:
 You entered a shop.
 You attained the rank of Pillager.

 The Dungeons of Doom: levels 1 to 8
    Level 1:
       A fountain.
    Level 2:
       A general store, a fountain.
    Level 3:
    Level 4:
       Some fountains.
    Level 5:
    Level 6:
    Level 7:
       A general store, a fountain.
    Level 8: <- You were here.
       Final resting place for
          you, killed by an invisible Woodland-elf.


Vanquished creatures:
  a lizard
  a wood nymph
  a rock mole
  a fog cloud
  a shrieker
  a straw golem
  a giant ant
  a little dog
  a homunculus
  2 rothes
  2 centipedes
  a dwarf zombie
 an iguana
  2 acid blobs
  a large kobold
  a hobgoblin
  3 giant rats
  a yellow mold
  a red mold
  a gecko
 14 jackals
  2 kobolds
  a goblin
  2 sewer rats
  6 grid bugs
  7 lichens
  2 kobold zombies
  4 newts
63 creatures vanquished.

No species were genocided or became extinct.

Game over:
                       ----------
                      /          \
                     /    REST    \
                    /      IN      \
                   /     PEACE      \
                  /                  \
                  |   01246791210    |
                  |      184 Au      |
                  |   killed by an   |
                  |    invisible     |
                  |   Woodland-elf   |
                  |                  |
                  |       2026       |
                 *|     *  *  *      | *
        _________)/\\_//(\/(/\)/\//\/|_)_______

Goodbye 01246791210 the Barbarian...

You died in The Dungeons of Doom on dungeon level 8 with 1516 points,
and 184 pieces of gold, after 4128 moves.
You were level 5 with a maximum of 60 hit points when you died.

